 Dungeon Crawl Stone Soup version 0.27-a0-46-g34d46f0a3f (webtiles) character file.

Game seed: 12753395240473641256

333 pistachioham the Vexing (level 6, -2/47 HPs)
             Began as a Gnoll Arcane Marksman on Jan 6, 2021.
             Was an Initiate of Sif Muna.
             Killed by nerve-wracking pain
             ... invoked by Grinder
              (5 damage)
             ... on level 4 of the Dungeon.
             The game lasted 00:33:24 (4701 turns).

pistachioham the Vexing (Gnoll Arcane Marksman)     Turns: 4701, Time: 00:33:25

Health: -2/47      AC:  5    Str: 16    XL:     6   Next: 53%
Magic:  10/11      EV: 15    Int: 16    God:    Sif Muna [......]
Gold:   199        SH:  0    Dex: 16    Spells: 2/11 levels left

rFire    + . .     SeeInvis .   a - +0 shortbow
rCold    + . .     Faith    .   (shield currently unavailable)
rNeg     . . .     Spirit   .   k - +0 leather armour
rPois    .         Reflect  .   (no helmet)
rElec    .         Harm     .   s - scarf {rC+ rF+}
rCorr    .         Rampage  .   u - +0 pair of gloves {Str+3}
Will     .....                  h - +0 pair of boots {Fly}
Stlth    ++........             (no amulet)
HPRegen  0.15/turn              (no ring)
MPRegen  0.12/turn              (no ring)

@: flying
A: distributed training, fangs 1, strong nose
a: Stop Flying, Renounce Religion


You were on level 4 of the Dungeon.
You worshipped Sif Muna.
Sif Muna was noncommittal.
You visited 2 branches of the dungeon, and saw 5 of its levels.

You collected 199 gold pieces.

Inventory:

Hand Weapons
 a - a +0 shortbow (weapon)
 b - a +3 short sword
Missiles
 d - 25 arrows (quivered ammo)
 H - 8 datura-tipped darts
Armour
 e - a +0 robe
 h - a +0 pair of boots of flying (worn)
 k - a +0 leather armour (worn)
 s - a scarf of resistance (worn)
 u - a +0 pair of gloves of strength (worn)
 G - a scarf of harm
Wands
 B - a wand of paralysis (4)
 J - a wand of flame (13)
Scrolls
 c - 2 scrolls of amnesia {unknown}
 g - a scroll of immolation {unknown}
 i - a scroll of identify {unknown}
 l - 3 scrolls of remove curse {unknown}
 m - a scroll of fog {unknown}
 o - 2 scrolls of teleportation {unknown}
 r - 2 scrolls of enchant weapon {unknown}
 t - a scroll of magic mapping {unknown}
 y - a scroll of enchant armour {unknown}
 C - a scroll of blinking {unknown}
 F - a scroll of random uselessness {unknown}
 I - a scroll of fear {unknown}
Potions
 j - a potion of mutation {unknown}
 n - 3 potions of flight {unknown}
 p - 2 potions of magic {unknown}
 q - 2 potions of brilliance {unknown}
 v - a potion of attraction {unknown}
 w - a potion of haste {unknown}
 x - a potion of ambrosia {unknown}
 z - a potion of degeneration {unknown}
 A - a potion of heal wounds {unknown}
 D - a potion of resistance {unknown}
 E - a potion of cancellation {unknown}


   Skills:
 + Level 3.2 Fighting
 + Level 2.0 Short Blades
 + Level 2.0 Long Blades
 + Level 2.0 Axes
 + Level 2.0 Maces & Flails
 + Level 2.0 Polearms
 + Level 2.0 Staves
 + Level 2.0 Slings
 + Level 5.0 Bows
 + Level 2.0 Crossbows
 + Level 2.0 Throwing
 + Level 2.0 Armour
 + Level 5.0 Dodging
 + Level 2.0 Stealth
 + Level 2.0 Shields
 + Level 2.0 Unarmed Combat
 + Level 3.4 Spellcasting
 + Level 1.5 Conjurations
 + Level 5.6 Hexes
 + Level 1.5 Summonings
 + Level 1.5 Necromancy
 + Level 1.5 Translocations
 + Level 1.5 Transmutations
 + Level 1.5 Fire Magic
 + Level 1.5 Ice Magic
 + Level 1.5 Air Magic
 + Level 1.5 Earth Magic
 + Level 1.5 Poison Magic
 + Level 2.2 Invocations
 + Level 2.0 Evocations


You had 2 spell levels left.
You knew the following spells:

 Your Spells              Type           Power        Failure   Level
a - Corona                Hex            22%          2%          1
b - Slow                  Hex            20%          3%          2
c - Portal Projectile     Hex/Tloc       28%          14%         3
d - Inner Flame           Hex/Fire       14%          14%         3

Your spell library contained the following spells:

 Spells                   Type           Power        Failure   Level
 Magic Dart               Conj           28%          12%         1
 Searing Ray              Conj           14%          17%         2
 Dazzling Flash           Conj/Hex       28%          14%         3
 Cause Fear               Hex            10%          22%         4
 Fulminant Prism          Conj/Hex       7%           43%         4
 Leda's Liquefaction      Hex/Erth       7%           43%         4
 Iskenderun's Mystic Bla  Conj/Tloc      7%           75%         4


Dungeon Overview and Level Annotations

Branches:
Dungeon (4/15)             Temple (1/1) D:4

Altars:
Ashenzari
Cheibriados
Fedhas
Gozag
Hepliaklqana
Kikubaaqudgha
Makhleb
Okawaru
Qazlal
Sif Muna
Uskayaw
Vehumet
Wu Jian
Xom
Yredelemnul
The Shining One

Shops:
D:4 }

Annotations:
D:4 Grinder


Innate Abilities, Weirdness & Mutations

Your experience applies equally to all skills.
You have very sharp teeth.
Your uncanny sense of smell can sniff out nearby items.


Message History

* * * LOW HITPOINT WARNING * * *
You writhe in agony.
* * * LOW HITPOINT WARNING * * *
Fire: 27 arrows
Press: ? - help, Q - select action, (/) - cycle Shift-Dir - straight line, f/p - Grinder
Aim: Grinder (heavily wounded, softly glowing)
You shoot an arrow.
The arrow hits Grinder but does no damage.
Grinder is heavily wounded.
Grinder says, "You look like you could use a good racking."
Grinder hits you.
* * * LOW HITPOINT WARNING * * *
The phantom blinks!
Fire: 26 arrows
Press: ? - help, Q - select action, (/) - cycle Shift-Dir - straight line, f/p - Grinder
Aim: Grinder (heavily wounded, softly glowing)
You shoot an arrow. The arrow barely misses Grinder.
Grinder gestures at you. Pain shoots through your body!
You die...

......................#
.....................##
....................##
....................#
...................##
..................##
.................##
#...............####
................@5(#
#.............#####ยง.(...
###.....##..### ...$(
###......## ...( ###..###
... # #..# .. # ##.## . #
#..# #.##


You could see Grinder (corona).

Vanquished Creatures
  A howler monkey (D:4)
  An orc priest (D:3)
  A bullfrog skeleton (D:4)
  An iguana (D:4)
  Terence (D:2)
  A hound skeleton (D:4)
  8 adders
  An adder skeleton (D:4)
  2 worms
  3 dart slugs
  3 leopard geckos
  11 orcs
  2 bats (D:1)
  7 giant cockroaches
  2 goblins
  4 hobgoblins
  7 jackals
  A quokka (D:4)
  A ball python (D:1)
  5 frilled lizards
  4 kobolds
  14 rats
81 creatures vanquished.

Notes
Turn   | Place    | Note
-------+----------+-------------------------------------------
     0 | D:1      | pistachioham the Gnoll Arcane Marksman began the quest for
                  | the Orb.
     0 | D:1      | Reached XP level 1. HP: 17/17 MP: 4/4
   636 | D:1      | Reached XP level 2. HP: 23/23 MP: 5/5
   700 | D:1      | Learned a level 2 spell: Slow
  1116 | D:2      | Reached XP level 3. HP: 27/28 MP: 2/7
  1161 | D:2      | Found a shimmering altar of Xom.
  1411 | D:2      | Reached skill level 1 in Invocations
  1590 | D:2      | Reached skill level 1 in Short Blades
  1590 | D:2      | Reached skill level 1 in Long Blades
  1590 | D:2      | Reached skill level 1 in Axes
  1590 | D:2      | Reached skill level 1 in Maces & Flails
  1590 | D:2      | Reached skill level 1 in Polearms
  1590 | D:2      | Reached skill level 1 in Staves
  1590 | D:2      | Reached skill level 1 in Slings
  1590 | D:2      | Reached skill level 1 in Crossbows
  1590 | D:2      | Reached skill level 1 in Throwing
  1590 | D:2      | Reached skill level 1 in Armour
  1590 | D:2      | Reached skill level 1 in Stealth
  1590 | D:2      | Reached skill level 1 in Shields
  1590 | D:2      | Reached skill level 1 in Unarmed Combat
  1590 | D:2      | Reached skill level 1 in Evocations
  1715 | D:1      | Reached XP level 4. HP: 28/34 MP: 6/8
  1875 | D:2      | Noticed Terence
  1919 | D:2      | Killed Terence
  1920 | D:2      | Reached skill level 1 in Conjurations
  1920 | D:2      | Reached skill level 1 in Summonings
  1920 | D:2      | Reached skill level 1 in Necromancy
  1920 | D:2      | Reached skill level 1 in Translocations
  1920 | D:2      | Reached skill level 1 in Transmutations
  1920 | D:2      | Reached skill level 1 in Fire Magic
  1920 | D:2      | Reached skill level 1 in Ice Magic
  1920 | D:2      | Reached skill level 1 in Air Magic
  1920 | D:2      | Reached skill level 1 in Earth Magic
  1920 | D:2      | Reached skill level 1 in Poison Magic
  2293 | D:3      | Reached XP level 5. HP: 33/40 MP: 9/9
  2455 | D:2      | Learned a level 3 spell: Portal Projectile
  2459 | D:2      | Learned a level 3 spell: Inner Flame
  2920 | D:3      | HP: 1/36 [orc priest/divine providence (11)]
  3728 | D:3      | Found a hide-covered altar of Uskayaw.
  3801 | D:4      | Found Harhamac's Gadget Boutique.
  3823 | D:4      | Reached XP level 6. HP: 47/47 MP: 8/10
  4178 | D:4      | Found a staircase to the Ecumenical Temple.
  4190 | Temple   | Entered the Ecumenical Temple
  4468 | Temple   | Became a worshipper of Sif Muna the Loreminder
  4558 | D:4      | Reached skill level 5 in Bows
  4558 | D:4      | Reached skill level 5 in Dodging
  4661 | D:4      | Noticed a phantom
  4667 | D:4      | Noticed Grinder
  4694 | D:4      | Paralysed by Grinder for 2 turns
  4701 | D:4      | Killed from afar by Grinder

Illustrated notes

Levels and vault maps discovered:
D:1:      dpeg_arrival_fog, layout_basic
D:2:      wander_river, layout_basic, lemuel_round_altar, uniq_terence
D:3:      layout_rooms, general_overflow_altar, grunt_ministairs_1
D:4:      layout_cave_pods, minmay_temple_entry_mist, serial_shops, shop,
          uniq_grinder
Temple:   minmay_temple_curvy_branch

Skill      XL: |  1  2  3  4  5  6 |
---------------+-------------------+-----
Invocations    | 1 2 |  2.2
Short Blades   | 1 2 |  2.0
Long Blades    | 1 2 |  2.0
Axes           | 1 2 |  2.0
Maces & Flails | 1 2 |  2.0
Polearms       | 1 2 |  2.0
Staves         | 1 2 |  2.0
Slings         | 1 2 |  2.0
Crossbows      | 1 2 |  2.0
Throwing       | 1 2 |  2.0
Armour         | 1 2 |  2.0
Stealth        | 1 2 |  2.0
Shields        | 1 2 |  2.0
Unarmed Combat | 1 2 |  2.0
Evocations     | 1 2 |  2.0
Spellcasting   | 3 |  3.4
Conjurations   | 1 |  1.5
Summonings     | 1 |  1.5
Necromancy     | 1 |  1.5
Translocations | 1 |  1.5
Transmutations | 1 |  1.5
Fire Magic     | 1 |  1.5
Ice Magic      | 1 |  1.5
Air Magic      | 1 |  1.5
Earth Magic    | 1 |  1.5
Poison Magic   | 1 |  1.5
Fighting       | 3 |  3.2
Bows           | 5 |  5.0
Dodging        | 5 |  5.0
Hexes          | |  5.6

Action                   |  1- 3 |  4- 6 || total
-------------------------+-------+-------++-------
Melee: Short sword       |    64 |    51 ||   115
       Unarmed           |     6 |       ||     6
       Bite              |     4 |     7 ||    11
 Fire: Shortbow          |    29 |   191 ||   220
 Cast: Corona            |    31 |    46 ||    77
 Abil: Stop Flying       |       |     1 ||     1
       Evoke Flight      |       |     1 ||     1
Evoke: Wand              |       |     2 ||     2
  Use: Potion            |       |     3 ||     3
 Stab: Sleeping          |     6 |       ||     6
Armor: Leather armour    |    14 |    29 ||    43
Dodge: Dodged            |    62 |   109 ||   171

Table legend: (Time is in decaauts)
 A = Elapsed time spent in this place.
 B = Non-inter-level travel time spent in this place.
 C = Inter-level travel time spent in this place.
 D = Time resting spent in this place.
 E = Time spent auto-exploring this place.
 F = Levels seen in this place.
 G = Mean time per level.
                   A        B        C        D        E       F      G
               +--------+--------+--------+--------+--------+-----+--------+
         Total |   4708 |   4580 |    128 |   1298 |    758 |   5 |  941.6 |
       Dungeon |   4413 |   4354 |     59 |   1298 |    561 |   4 | 1103.2 |
        Temple |    294 |    225 |     69 |      0 |    197 |   1 |  294.0 |
               +--------+--------+--------+--------+--------+-----+--------+

Top non-repeatable levels by time:
     D:2: 1822 daAuts
     D:1: 1188 daAuts
     D:3: 752 daAuts
     D:4: 650 daAuts
  Temple: 294 daAuts
